 Dungeon Crawl Stone Soup version 0.21-a0-460-g737a915 (webtiles) character file.

17 slep the Skirmisher (level 2, 0/24 HPs)
             Began as a Demonspawn Monk on Nov 21, 2017.
             Slain by a jackal (3 damage)
             ... on level 1 of the Dungeon.
             The game lasted 00:01:16 (225 turns).

slep the Skirmisher (Demonspawn Monk)                Turns: 225, Time: 00:01:16

Health: 0/24       AC:  3    Str: 11    XL:     2   Next: 44%
Magic:  2/2        EV: 13    Int: 11    God:
Gold:   18         SH:  0    Dex: 15    Spells: 1/1 levels left

rFire    . . .     SeeInvis .   a - +0 falchion
rCold    . . .     Gourm    .   (no shield)
rNeg     . . .     Faith    .   h - +0 leather armour
rPois    .         Spirit   .   (no helmet)
rElec    .         Reflect  .   (no cloak)
rCorr    .         Harm     .   (no gloves)
MR       .....                  (no boots)
Stlth    ++........             (no amulet)
HPRegen  0.08/turn              (no ring)
MPRegen  0.08/turn              (no ring)

@: no status effects
A: claws 1
a: no special abilities


You were on level 1 of the Dungeon.
You were not hungry.

You visited 1 branch of the dungeon, and saw 1 of its levels.

You collected 18 gold pieces.

Inventory:

Hand Weapons
 a - a +0 falchion (weapon)
 d - a +1 dagger of venom
Armour
 b - a +0 robe
 h - a +0 leather armour (worn)
Scrolls
 i - a scroll of remove curse {unknown}
Potions
 e - a potion of agility {unknown}
 g - a potion of cancellation {unknown}
Comestibles
 c - a bread ration
 f - a royal jelly


   Skills:
 + Level 3.3 Fighting
 + Level 2.9 Long Blades
 + Level 3.0 Dodging
 + Level 1.8 Stealth


You had one spell level left.
You didn't know any spells.

Dungeon Overview and Level Annotations

Branches:
Dungeon (1/15)

Altars:


Innate Abilities, Weirdness & Mutations

You have sharp fingernails.


Message History

You barely miss the jackal. The jackal closely misses you.
You riposte.
You hit the jackal but do no damage. The rat completely misses you.
The jackal bites you.
* * * LOW HITPOINT WARNING * * *
The jackal barely misses you.
You riposte.
You miss the jackal. The rat closely misses you.
You barely miss the jackal. The jackal bites you.
* * * LOW HITPOINT WARNING * * *
The jackal closely misses you. The jackal bites you.
* * * LOW HITPOINT WARNING * * *
The jackal bites you.
* * * LOW HITPOINT WARNING * * *
The rat barely misses you. The jackal completely misses you.
You riposte.
You hit the jackal.
The jackal is heavily wounded.
You see here a spear.
You closely miss the jackal.
The jackal is heavily wounded.
The jackal bites you.
You die...

#.#...## ##..........
#......#.#...........
#.......##...........
#†..............<....
#.......##...........
#..#.##..#...........
#r.# # ##..........
###.h#####.##+.........
#....h@....# ##.......#
#.#..####### ##.....##
#.#..# ####### .#...###
.###....# # ##
#...#.#########...
#.#................
#.#.##.####...###.. #
#. #.###.#.#.##..#


You could see 2 jackals and a rat.

Vanquished Creatures
  A dart slug (D:1)
  3 ball pythons (D:1)
  A bat (D:1)
  2 goblins (D:1)
  A hobgoblin (D:1)
  2 jackals (D:1)
  2 kobolds (D:1)
  A rat (D:1)
13 creatures vanquished.

Notes
Turn   | Place    | Note
-------+----------+-------------------------------------------
     0 | D:1      | slep the Demonspawn Monk began the quest for the Orb.
     0 | D:1      | Reached XP level 1. HP: 18/18 MP: 1/1
    83 | D:1      | Gained mutation: You have sharp fingernails. [demonic ancestry]
    83 | D:1      | Reached XP level 2. HP: 14/24 MP: 2/2
   225 | D:1      | Slain by a jackal

Vault maps used:
D:1:      lemuel_arrival_rhombus, minmay_shallow_snake_nest

Skill      XL: |  1  2 |
---------------+-------+-----
Dodging        | 3 |  3.0
Fighting       | |  3.3
Long Blades    | |  2.9
Stealth        | |  1.8

Action                   || total
-------------------------++-------
Melee: Falchion          ||    32
Armor: Robe              ||     3
       Leather armour    ||     2
Dodge: Dodged            ||    40
       Rpst.: Falchion   ||    11

Table legend:
 A = Spawn XP
 B = Non-spawn XP
 C = Spawn XP percentage of total XP
 D = Spawn monster count
 E = Non-spawn monster count
 F = Spawn count percentage of total count
 G = Total turns spent on level
                    A         B        C        D         E        F      G
               +---------+---------+-------+---------+---------+-------+---------
         Total |       0 |      25 |   0.0 |       0 |      13 |   0.0 |   225
               +---------+---------+-------+---------+---------+-------+---------
           D:1 |       0 |      25 |   0.0 |       0 |      13 |   0.0 |   225
               +---------+---------+-------+---------+---------+-------+---------
